 Dungeon Crawl Stone Soup version 0.25-a0-558-g78a2afb0af (webtiles) character file.

Game seed: 17310110403418506118, levelgen mode: deterministic

154940 Gargoyl the Severer (level 17, -5/169 HPs)
             Began as a Centaur Abyssal Knight on Feb 22, 2020.
             Was a High Priest of Lugonu.
             Slain by a merfolk impaler
             ... wielding a +0 demon trident of venom
              (11 damage)
             ... on level 4 of the Shoals on Feb 24, 2020.
             The game lasted 01:04:37 (47242 turns).

Gargoyl the Severer (Centaur Abyssal Knight)       Turns: 47242, Time: 01:04:37

Health: -5/169     AC: 32    Str: 25    XL:     17   Next: 7%
Magic:  24/24      EV:  8    Int: 18    God:    Lugonu [*****.]
Gold:   2415       SH:  8    Dex: 16    Spells: 16/16 levels left

rFire    . . .     SeeInvis .   q - +8 hand axe (elec)
rCold    + . .     Gourm    .   K - +1 buckler {reflect}
rNeg     + . .     Faith    .   N - +10 plate armour of Dufaug {rN+ Str+3}
rPois    +         Spirit   .   j - +2 helmet {Int+3}
rElec    .         Reflect  +   P - +0 cloak of the Battered Cities {-Cast Dex+4}
rCorr    .         Harm     .   d - +2 pair of gloves
MR       +....     NoCast   +   (no barding)
Stlth    ..........             p - +2 amulet of reflection
HPRegen  0.38/turn              h - ring of poison resistance
MPRegen  0.19/turn              L - +3 ring of strength

@: lethally poisoned (-5 -> -18), afraid, very quick
A: large, hooves 3, clever 2, cold resistance 1, deformed body, speed 2, robust
1, tough skin 3
a: Depart the Abyss, Bend Space, Banish, Corrupt, Enter the Abyss, Renounce
Religion


You were on level 4 of the Shoals.
You worshipped Lugonu.
Lugonu was extremely pleased with you.
You were not hungry.

You visited 4 branches of the dungeon, and saw 27 of its levels.
You visited the Abyss 2 times.
You also visited: Sewer, Ossuary and Bailey.

You collected 2890 gold pieces.
You spent 475 gold pieces at shops.

Inventory:

Hand Weapons
 a - a +5 hand axe
 q - a +8 hand axe of electrocution (weapon)
Missiles
 s - 66 boomerangs
 F - 27 javelins (quivered)
Armour
 d - a +2 pair of gloves (worn)
 j - a +2 helmet of intelligence (worn)
 C - a +2 plate armour of poison resistance
 K - a +1 buckler of reflection (worn)
 N - the +10 plate armour of Dufaug (worn) {rN+ Str+3}
   (You found it on level 15 of the Dungeon)

   It affects your strength (+3).
   It protects you from negative energy.
   If you remove this armour, your AC will decrease by 21 (32 -> 11).
 P - the +0 cloak of the Battered Cities (worn) {-Cast Dex+4}
   (You found it on level 2 of the Shoals)

   It affects your dexterity (+4).
   It prevents spellcasting.
   If you remove this armour, your AC will decrease by 2 (32 -> 30).
Jewellery
 h - a ring of poison resistance (left hand)
 p - a +2 amulet of reflection (around neck)
 r - an uncursed ring of flight
 G - an uncursed ring of see invisible
 L - a +3 ring of strength (right hand)
 O - an uncursed ring of protection from fire
Wands
 f - a wand of flame (27)
 i - a wand of random effects (13)
 w - a wand of disintegration (15)
 y - a wand of enslavement (11)
 B - a wand of polymorph (20)
 I - a wand of paralysis (16)
 M - a wand of iceblast (8)
Scrolls
 b - a scroll of silence
 e - 9 scrolls of identify
 g - 13 scrolls of teleportation
 k - 9 scrolls of remove curse
 l - 4 scrolls of fear
 n - a scroll of enchant weapon
 x - 4 scrolls of blinking
 z - 6 scrolls of magic mapping
 H - 4 scrolls of fog
Potions
 m - a potion of brilliance
 o - 4 potions of cancellation
 t - a potion of ambrosia
 u - 6 potions of curing
 v - 3 potions of haste
 A - a potion of resistance
 D - 4 potions of stabbing
 E - 2 potions of berserk rage
 J - 3 potions of magic
Comestibles
 c - 31 rations
 Q - 2 chunks of flesh


   Skills:
 + Level 14.4 Fighting
 + Level 15.5 Axes
 + Level 4.5 Throwing
 + Level 12.6 Armour
 + Level 5.5 Dodging
 + Level 2.7 Stealth
 + Level 5.4 Shields
 + Level 10.5 Invocations
 + Level 0.3 Evocations


You had 16 spell levels left.
You didn't know any spells.
Your spell library contained the following spells:

 Spells                   Type           Power        Failure   Level  Hunger
 Animate Skeleton         Necr           N/A          88%         1    ##.....
 Apportation              Tloc           #.....       88%         1    ##.....
 Beastly Appendage        Tmut           #.....       88%         1    ##.....
 Corona                   Hex            #......      88%         1    ##.....
 Foxfire                  Conj/Fire      #...         88%         1    ##.....
 Magic Dart               Conj           #...         88%         1    ##.....
 Sandblast                Erth           #.....       88%         1    ##.....
 Sting                    Tmut/Pois      #...         88%         1    ##.....
 Summon Butterflies       Summ           #.......     88%         1    ##.....
 Summon Small Mammal      Summ           #...         88%         1    ##.....
 Corpse Rot               Necr/Air       N/A          96%         2    ###....
 Passwall                 Tmut/Erth      #.......     96%         2    ###....
 Poisonous Vapours        Pois/Air       #.....       96%         2    ###....
 Searing Ray              Conj           #.....       96%         2    ###....
 Sticks to Snakes         Tmut           #.......     96%         2    ###....
 Sublimation of Blood     Necr           #.........   96%         2    ###....
 Confusing Touch          Hex            #.......     99%         3    ####...
 Conjure Flame            Conj/Fire      #.......     99%         3    ####...
 Dazzling Flash           Conj/Hex       #.....       99%         3    ####...
 Gell's Gravitas          Tloc           #.........   99%         3    ####...
 Ignite Poison            Fire/Tmut/Pois #.......     99%         3    ####...
 Inner Flame              Hex/Fire       #.......     99%         3    ####...
 Lesser Beckoning         Tloc           #.........   99%         3    ####...
 Mephitic Cloud           Conj/Pois/Air  #.......     99%         3    ####...
 Spider Form              Tmut/Pois      #.........   99%         3    ####...
 Stone Arrow              Conj/Erth      #.....       99%         3    ####...
 Tukima's Dance           Hex            #.......     99%         3    ####...
 Dispel Undead            Necr           #.......     100%        4    #####..
 Fulminant Prism          Conj/Hex       #.........   100%        4    #####..
 Ice Form                 Ice/Tmut       #.......     100%        4    #####..
 Iskenderun's Mystic Bla  Conj/Tloc      #.......     100%        4    #####..
 Olgreb's Toxic Radiance  Pois           #.......     100%        4    #####..
 Petrify                  Tmut/Erth      #.......     100%        4    #####..
 Sticky Flame             Conj/Fire      #.......     100%        4    #####..
 Agony                    Necr           #.......     100%        5    ######.
 Alistair's Intoxication  Tmut/Pois      #.......     100%        5    ######.
 Blade Hands              Tmut           #.........   100%        5    ######.
 Excruciating Wounds      Chrm/Necr      #.........   100%        5    ######.
 Fireball                 Conj/Fire      #.........   100%        5    ######.
 Irradiate                Conj/Tmut      #.........   100%        5    ######.
 Lee's Rapid Deconstruct  Erth           #.........   100%        5    ######.
 Metabolic Englaciation   Hex/Ice        #.........   100%        5    ######.
 Yara's Violent Unravell  Hex/Tmut       #.........   100%        5    ######.
 Eringya's Noxious Bog    Tmut/Pois      #.........   100%        6    #######
 Freezing Cloud           Conj/Ice/Air   #.........   100%        6    #######
 Invisibility             Hex            #.......     100%        6    #######
 Ring of Flames           Chrm/Fire      #.........   100%        7    #######


Dungeon Overview and Level Annotations

Branches:
Dungeon (15/15)            Temple (0/1) D:6            Lair (6/6) D:10
 Shoals (4/4) Lair:2        Snake (0/4) Lair:2        Slime (0/5) Lair:5
    Orc (2/2) D:9             Elf (0/3) Orc:2        Vaults (0/5) D:13
 Depths (0/5) D:15          Sewer (visited)         Ossuary (visited)
 Bailey (visited)

Altars:
Ashenzari
Cheibriados
Dithmenos
Fedhas
Kikubaaqudgha
Ru
Vehumet
Wu Jian
Yredelemnul
The Shining One
Beogh
Jiyva

Shops:
Orc:2 :(?!   Shoals:2 }

Annotations:
D:8 Maurice


Innate Abilities, Weirdness & Mutations

You have hooves in place of feet.
Armour fits poorly on your strangely shaped body.
You cover ground very quickly.
You have extremely tough skin. (AC +3)
Your mind is very acute. (Int +4)
Your flesh is cold resistant. (rC+)
You are robust. (+10% HP)


Message History

You are poisoned.
The merfolk impaler hits you but does no damage.
The sea snake bites you!
* * * LOW HITPOINT WARNING * * *
The merfolk javelineer hits you but does no damage.
The merfolk javelineer throws a silver javelin.
The silver javelin pierces through you.
* * * LOW HITPOINT WARNING * * *
The silver sears you!
* * * LOW HITPOINT WARNING * * *
You hear a splash.
You block the satyr's attack.
The merfolk impaler hits you but does no damage.
You are more poisoned.
You block the merfolk siren's attack. You block the merfolk impaler's attack.
You fail to use your ability.
* * * LOW HITPOINT WARNING * * *
You feel sick. You block the sea snake's attack.
The merfolk impaler hits you with a +0 demon trident of venom!
You die...

≈≈≈≈≈≈≈≈≈≈≈≈≈≈≈≈≈≈
≈≈≈≈≈≈≈≈≈≈≈≈≈≈≈≈≈≈≈
≈≈≈≈≈≈≈≈≈≈≈≈≈≈≈≈≈≈≈
≈≈≈≈≈≈≈≈≈≈≈≈≈≈≈≈≈≈≈
#####≈≈≈≈≈≈≈≈≈≈≈≈≈≈≈≈≈
##...##≈≈≈≈≈≈≈≈≈≈≈≈≈≈≈≈
#....m#≈≈≈≈≈≈≈≈≈≈≈≈≈≈≈≈
#..φmm@)...≈(≈≈≈≈≈≈≈≈≈≈
#...mS#.....≈≈≈≈≈≈≈≈≈≈≈
##..c##m.....≈≈≈≈≈≈≈≈≈≈
#####........≈≈≈≈≈≈≈≈≈
P.P.^....}.(...≈≈≈≈≈≈
.................≈≈≈≈P
..≈≈≈........)....≈≈≈≈≈
.≈≈≈≈≈..............≈≈≈
≈≈≈P≈≈≈.............≈PP


You could see 2 merfolk impalers, 2 merfolk javelineers, a satyr, a sea snake
and a merfolk siren.

Vanquished Creatures
  Nikola (Shoals:2)
  Frances (D:12)
  Kirke (D:13)
  Gastronok (Lair:2)
  Donald (Shoals:1)
  Ilsuiw (Shoals:2)
  A dire elephant (Lair:6)
  2 merfolk javelineers
  A fire dragon (D:14)
  4 merfolk impalers
  Erolcha (D:9)
  A catoblepas (Lair:6)
  A death knight (D:15)
  16 two-headed ogres
  The ghost of Ojiguost the Grappler, a journeyman VSTm of Kikubaaqudgha (Lair:4)
  Erica (D:8)
  5 centaur warriors
  A deep troll shaman (Lair:6)
  6 merfolk aquamancers
  2 tengu warriors
  5 death yaks (Lair:6)
  3 satyrs (Shoals:3)
  6 ogre magi
  Nergalle (Orc:2)
  A fire crab (Lair:6)
  A wretched star (Abyss:1)
  Sonja (D:13)
  A skeletal warrior (D:15)
  2 unseen horrors
  A flayed ghost (D:15)
  12 sea snakes
  A large abomination (Abyss:1)
  A tengu zombie (D:15)
  A lindwurm (Lair:6)
  6 harpies
  A necromancer (D:15)
  3 orc knights
  2 wolf spider zombies
  3 deep elf magi
  8 orc sorcerers
  24 ugly things
  A stone giant zombie (D:15)
  A wolf spider (D:15)
  5 cyclopes
  9 merfolk sirens
  18 fauns
  6 manticores
  14 elephants
  Joseph (D:8)
  4 water nymphs
  4 black mambas
  A torpor snail (Lair:6)
  Maggie (D:7)
  A gargoyle (D:13)
  15 spiny frogs
  8 komodo dragons
  A rime drake (Lair:4)
  A tengu conjurer (D:13)
  An efreet (D:14)
  A guardian mummy (D:15)
  A freezing wraith (D:14)
  5 yaktaurs (D:15)
  3 trolls
  17 merfolk
  Prince Ribbit (D:8)
  3 meliai (D:14)
  3 wind drakes
  A polar bear (Lair:6)
  A hornet (D:14)
  11 blink frogs
  18 dream sheep
  4 snapping turtles
  9 hippogriffs
  2 meliai zombies
  A wyvern (D:12)
  5 water elementals (Shoals:3)
  2 wraiths
  A dire elephant simulacrum (Lair:1)
  A vampire (D:15)
  27 yaks
  7 hogs (D:13)
  3 basilisks
  A steam dragon (D:9)
  4 hungry ghosts
  4 vampire mosquitoes (D:14)
  3 wargs (Orc:2)
  13 water moccasins
  9 porcupines
  18 orc warriors
  4 sky beasts
  A small abomination (Abyss:1)
  An eye of draining (D:13)
  3 phantoms
  3 black bears
  A necrophage (D:10)
  15 ogres
  10 centaurs
  4 ice beasts
  23 wolves
  13 crocodiles
  2 big kobolds
  An elf zombie (Ossuary)
  20 bullfrogs
  2 wyvern zombies
  A yaktaur skeleton (D:15)
  2 wyvern skeletons (D:11)
  5 scorpions
  4 killer bees (D:7)
  10 wights
  A vampire bat (Lair:3)
  3 crimson imps
  3 centaur zombies
  5 electric eels
  2 howler monkeys
  A bullfrog zombie (D:11)
  9 jellies
  A komodo dragon simulacrum (Lair:1)
  A quasit (D:8)
  28 orc wizards
  10 hounds
  12 orc priests
  4 centaur skeletons
  A gnoll shaman (Orc:2)
  A human zombie (Ossuary)
  A water moccasin simulacrum (Lair:1)
  A bullfrog skeleton (D:5)
  2 human skeletons
  Natasha (twice) (D:2)
  9 worker ants
  A big kobold zombie (Ossuary)
  2 hound zombies (Ossuary)
  4 hound skeletons
  3 mummies (Ossuary)
  A worker ant zombie (D:11)
  16 gnolls
  A crocodile simulacrum (Lair:1)
  A howler monkey skeleton (D:5)
  21 adders
  3 shadow imps
  12 oozes (Sewer)
  4 adder zombies (Ossuary)
  An adder skeleton (D:5)
  3 worms
  5 dart slugs
  22 leopard geckos
  88 orcs
  18 ball pythons
  9 bats
  16 giant cockroaches
  21 goblins
  10 hobgoblins
  11 jackals
  8 quokkas
  9 frilled lizards
  A gnoll zombie (Ossuary)
  3 hobgoblin zombies (Ossuary)
  3 jackal zombies (Ossuary)
  19 kobolds
  10 kobold zombies (Ossuary)
  A leopard gecko zombie (D:5)
  3 orc skeletons (D:5)
  4 orc zombies
  2 quokka zombies (Ossuary)
  7 rats
  2 rat zombies (Ossuary)
  4 fungi (Lair:6)
  7 plants
  A withered plant (D:15)
983 creatures vanquished.

Vanquished Creatures (collateral kills)
  An orc (D:12)
1 creature vanquished.

Vanquished Creatures (others)
  A merfolk impaler (Shoals:4)
  4 hydras (Lair:6)
  3 two-headed ogres
  A sea snake (Shoals:1)
  A harpy (Shoals:3)
  The ghost of glosham the Fighter, a novice KoAK of Lugonu (D:6)
  4 oklob plants (Lair:1)
  A black mamba (Lair:5)
  A merfolk siren (Shoals:2)
  A smoke demon (Abyss:1)
  A spiny frog (Lair:4)
  A hellwing (Abyss:1)
  2 merfolk
  A dire elephant simulacrum (Lair:1)
  A wyvern (D:8)
  A small abomination (Abyss:1)
  An iguana (D:8)
  A bush (Lair:6)
  12 fungi
  28 plants
  2 withered plants (D:15)
69 creatures vanquished.

Grand Total: 1053 creatures vanquished

Notes
Turn   | Place    | Note
-------+----------+-------------------------------------------
     0 | Abyss:1  | Gargoyl the Centaur Abyssal Knight began the quest for the
                  | Orb.
     0 | Abyss:1  | Reached XP level 1. HP: 19/19 MP: 2/2
    57 | Abyss:2  | Found a corrupted altar of Lugonu.
   112 | Abyss:2  | Noticed a wraith
   132 | Abyss:2  | Noticed a starcursed mass
   135 | D:1      | Escaped the Abyss
   358 | D:1      | Reached XP level 2. HP: 26/26 MP: 3/3
   482 | D:1      | Reached skill level 2 in Axes
   487 | D:1      | Reached * piety under Lugonu
   748 | D:1      | Reached XP level 3. HP: 33/33 MP: 4/4
  1268 | D:2      | Noticed Natasha
  1279 | D:2      | Killed Natasha
  1279 | D:2      | Reached XP level 4. HP: 31/40 MP: 5/5
  1485 | D:2      | Noticed Natasha
  1495 | D:2      | Killed Natasha
  1495 | D:2      | Reached skill level 3 in Axes
  1795 | D:3      | Noticed a hippogriff
  1802 | D:3      | HP: 2/40 [hippogriff (2)]
  2108 | D:3      | Killed a hippogriff
  2108 | D:3      | Reached ** piety under Lugonu
  2108 | D:3      | Reached skill level 1 in Dodging
  2108 | D:3      | Reached XP level 5. HP: 12/46 MP: 6/6
  2108 | D:3      | Reached XP level 6. HP: 14/52 MP: 7/7
  2369 | D:3      | Found an ornate altar of the Wu Jian Council.
  2440 | D:3      | Found a radiant altar of Vehumet.
  2950 | D:4      | Reached skill level 4 in Axes
  4031 | D:5      | Entered Level 5 of the Dungeon
  4049 | D:5      | Reached XP level 7. HP: 27/60 MP: 8/8
  4367 | D:5      | Found a shadowy altar of Dithmenos.
  4442 | D:5      | Found an ancient bone altar of Kikubaaqudgha.
  4669 | D:5      | Found a sand-covered staircase.
  4675 | Ossuary  | Entered an ossuary
  4705 | Ossuary  | Reached *** piety under Lugonu
  4720 | Ossuary  | Reached skill level 5 in Axes
  5233 | D:5      | Reached XP level 8. HP: 45/67 MP: 9/9
  5369 | D:5      | Reached skill level 5 in Fighting
  5369 | D:5      | Reached skill level 6 in Axes
  5398 | D:5      | Reached **** piety under Lugonu
  5723 | D:6      | Found a glowing drain.
  5742 | Sewer    | Entered a sewer
  5998 | Sewer    | Reached ***** piety under Lugonu
  6383 | D:6      | Reached skill level 7 in Axes
  7116 | D:6      | Found a runed translucent door.
  7124 | D:6      | Found a staircase to the Ecumenical Temple.
  7131 | D:6      | Noticed glosham's ghost (novice KoAK)
  7159 | D:6      | Banished glosham's ghost
  7159 | D:6      | Reached XP level 9. HP: 51/75 MP: 5/10
  7649 | D:6      | Noticed a two-headed ogre
  7689 | D:6      | Banished a two-headed ogre
  7689 | D:6      | Reached skill level 8 in Axes
  7938 | D:6      | Found a snail-covered altar of Cheibriados.
  8124 | D:7      | Reached skill level 5 in Armour
  8265 | D:7      | Noticed Maggie
  8272 | D:7      | Gained mutation: Your mind is acute. (Int +2) [potion of
                  | mutation]
  8272 | D:7      | Gained mutation: You are robust. (+10% HP) [potion of
                  | mutation]
  8272 | D:7      | Gained mutation: Your mind is very acute. (Int +4) [potion
                  | of mutation]
  8272 | D:7      | Gained mutation: Your flesh is cold resistant. (rC+)
                  | [potion of mutation]
  8288 | D:7      | Killed Maggie
  8394 | D:7      | Reached skill level 1 in Stealth
  8843 | D:7      | HP: 4/85 [poisoned by a killer bee]
  8851 | D:7      | HP: 4/85 [poisoned by a killer bee]
 10137 | D:8      | Reached XP level 10. HP: 89/94 MP: 13/13
 10182 | D:8      | Paralysed by fainting for 6 turns
 10197 | D:8      | Noticed a cyclops
 10209 | D:8      | Killed a cyclops
 10579 | D:8      | HP: 2/94 [iguana (3)]
 10586 | D:8      | HP: 1/94 [wyvern (3)]
 10593 | D:8      | Reached skill level 9 in Axes
 10944 | D:8      | Found a glowing golden altar of the Shining One.
 10946 | D:8      | Found a sacrificial altar of Ru.
 10973 | D:8      | Reached skill level 5 in Invocations
 11104 | D:8      | Noticed Joseph
 11118 | D:8      | Killed Joseph
 11130 | D:8      | Found a basalt altar of Yredelemnul.
 11216 | D:8      | Noticed Maurice
 11392 | D:8      | Noticed Erica
 11402 | D:8      | Killed Erica
 11933 | D:8      | Noticed Prince Ribbit
 11945 | D:8      | Killed Prince Ribbit
 12216 | D:9      | Noticed Erolcha
 12238 | D:9      | Killed Erolcha
 12589 | D:9      | Found a blossoming altar of Fedhas.
 12711 | D:9      | Found a staircase to the Orcish Mines.
 13658 | D:10     | Entered Level 10 of the Dungeon
 13667 | D:10     | Reached XP level 11. HP: 103/103 MP: 15/15
 13677 | D:10     | You fall into a shaft and drop 2 floors!
 13948 | D:12     | Found a flagged portal.
 13986 | Bailey   | Entered a bailey
 14402 | Bailey   | Reached skill level 10 in Axes
 14479 | Bailey   | Reached ****** piety under Lugonu
 14545 | Bailey   | Noticed an orc knight
 14559 | Bailey   | Killed an orc knight
 14964 | D:11     | Noticed a two-headed ogre
 15015 | D:12     | Banished a two-headed ogre
 15624 | D:11     | Noticed a two-headed ogre
 15633 | D:11     | Banished a two-headed ogre
 15859 | D:10     | Got a translucent battleaxe
 15952 | D:10     | Identified the +1 battleaxe "Tiucsi" {vorpal, *Noise Int+7
                  | Dex+4 SInv} (You found it on level 10 of the Dungeon)
 16341 | D:10     | Found a staircase to the Lair.
 16590 | Lair:1   | Entered Level 1 of the Lair of Beasts
 16656 | Lair:1   | Found a transporter.
 17052 | Lair:1   | Found a transporter.
 17476 | Lair:1   | Noticed an oklob plant
 17477 | Lair:1   | Noticed an oklob plant
 17478 | Lair:1   | Banished an oklob plant
 17489 | Lair:1   | Noticed a five-headed hydra
 17501 | Lair:1   | Noticed an oklob plant
 17501 | Lair:1   | Noticed an oklob plant
 17502 | Lair:1   | Banished an oklob plant
 17506 | Lair:1   | Banished an oklob plant
 17520 | Lair:1   | Banished a five-headed hydra
 17520 | Lair:1   | Reached skill level 1 in Throwing
 17787 | Lair:1   | Banished an oklob plant
 18027 | Lair:2   | Reached XP level 12. HP: 86/114 MP: 17/17
 18641 | Lair:1   | Reached skill level 11 in Axes
 18812 | Lair:2   | Found a staircase to the Snake Pit.
 19512 | Lair:2   | Noticed Gastronok
 19530 | Lair:2   | Killed Gastronok
 19912 | Lair:2   | Found a staircase to the Shoals.
 21730 | Lair:4   | Reached skill level 12 in Axes
 21905 | Lair:4   | Found a transporter.
 21913 | Lair:4   | Found a transporter.
 21913 | Lair:4   | Noticed Ojiguost's ghost (journeyman VSTm)
 22000 | Lair:4   | Reached XP level 13. HP: 23/124 MP: 19/19
 22480 | Lair:4   | Reached skill level 10 in Fighting
 23470 | Lair:4   | Killed Ojiguost's ghost
 23940 | Lair:5   | Found a staircase to the Slime Pits.
 23942 | Lair:5   | Found a viscous altar of Jiyva.
 25188 | Lair:6   | Entered Level 6 of the Lair of Beasts
 25474 | Lair:6   | Reached skill level 10 in Armour
 26230 | Lair:6   | Upgraded the game from 0.25-a0-547-g27a0b5d1ef to
                  | 0.25-a0-558-g78a2afb0af
 26445 | Lair:6   | Reached skill level 13 in Axes
 27164 | Lair:6   | Reached XP level 14. HP: 103/134 MP: 20/20
 28971 | D:11     | Found a shattered altar of Ashenzari.
 30547 | D:13     | Noticed Frances
 30918 | D:12     | Killed Frances
 31507 | D:13     | Noticed Kirke
 31534 | D:13     | Killed Kirke
 31534 | D:13     | Reached skill level 5 in Dodging
 31824 | D:13     | Found a gate to the Vaults.
 32036 | D:13     | Reached skill level 14 in Axes
 32137 | D:13     | Noticed Sonja
 32633 | D:14     | Reached skill level 1 in Shields
 33728 | D:14     | Reached XP level 15. HP: 143/147 MP: 22/22
 33945 | D:14     | You fall into a shaft and drop 1 floor!
 33945 | D:15     | Entered Level 15 of the Dungeon
 33945 | D:15     | Found a staircase to the Depths.
 35431 | D:15     | Found a sacrificial altar of Ru.
 37593 | D:15     | Got a slimy plate armour
 37604 | D:15     | Identified the +10 plate armour of Dufaug {rN+ Str+3} (You
                  | found it on level 15 of the Dungeon)
 37670 | D:13     | Killed Sonja
 37839 | Orc:1    | Entered Level 1 of the Orcish Mines
 38436 | Orc:2    | Entered Level 2 of the Orcish Mines
 38436 | Orc:2    | Found a roughly hewn altar of Beogh.
 39182 | Orc:2    | Found a staircase to the Elven Halls.
 39291 | Orc:2    | Found Ettan's Antique Weapon Boutique.
 39320 | Orc:2    | Found an ancient bone altar of Kikubaaqudgha.
 39320 | Orc:2    | Noticed Nergalle
 39337 | Orc:2    | Killed Nergalle
 39382 | Orc:2    | Found a radiant altar of Vehumet.
 39420 | Orc:2    | Found a roughly hewn altar of Beogh.
 39420 | Orc:2    | Found Daife's Distillery.
 39421 | Orc:2    | Found Ojoavic's Magic Scroll Boutique.
 39556 | Orc:2    | Bought a potion of heal wounds for 75 gold pieces
 39556 | Orc:2    | Bought a potion of curing for 45 gold pieces
 39556 | Orc:2    | Bought a potion of curing for 45 gold pieces
 39556 | Orc:2    | Bought a potion of curing for 45 gold pieces
 39556 | Orc:2    | Bought a potion of curing for 45 gold pieces
 39556 | Orc:2    | Bought a potion of curing for 45 gold pieces
 39571 | Orc:2    | Bought a scroll of enchant weapon for 97 gold pieces
 39571 | Orc:2    | Bought a scroll of teleportation for 39 gold pieces
 39571 | Orc:2    | Bought a scroll of teleportation for 39 gold pieces
 39605 | Orc:2    | Found Zyilliac's Book Shop.
 39828 | Orc:2    | Reached XP level 16. HP: 139/159 MP: 23/23
 40259 | Shoals:1 | Entered Level 1 of the Shoals
 40259 | Shoals:1 | Noticed Donald
 40268 | Shoals:1 | Killed Donald
 40987 | Shoals:1 | Reached skill level 15 in Axes
 42771 | Shoals:2 | Found Huarut's Gadget Boutique.
 43082 | Shoals:2 | Got a shimmering cloak
 43139 | Shoals:2 | Identified the +0 cloak of the Battered Cities {-Cast
                  | Dex+4} (You found it on level 2 of the Shoals)
 43159 | Shoals:2 | Noticed Ilsuiw
 43167 | Shoals:2 | Noticed Nikola
 43802 | Shoals:2 | Killed Ilsuiw
 43984 | Abyss:1  | Reached skill level 5 in Shields
 44033 | Abyss:1  | Noticed a Hell Sentinel
 44402 | Shoals:3 | Escaped the Abyss
 44408 | Shoals:3 | Reached skill level 10 in Invocations
 44884 | Shoals:2 | Killed Nikola
 46752 | Shoals:3 | Reached XP level 17. HP: 159/169 MP: 24/24
 46945 | Shoals:4 | Entered Level 4 of the Shoals
 47241 | Shoals:4 | HP: 8/169 [merfolk javelineer/silver javelin (1)]
 47242 | Shoals:4 | Slain by a merfolk impaler

Levels and vault maps discovered:
D:1:      ebering_trefoil_3fold, layout_rooms
D:2:      layout_basic, interstate_on_off, uniq_natasha
D:3:      layout_loops_ring, nicolae_overflow_crystal_walls, vehumet_crystals
D:4:      layout_basic, first_ration, fountainhead, serial_bayou_pond_e
D:5:      layout_basic, old_standard_altar, lemuel_crystal_altar,
          nicolae_ossuary_entry_catacombs
D:6:      layout_basic, kennysheep_slug_shrine, temple_statues,
          portal_sewer_entry_f, ebering_ghost_sewer_d
D:7:      kennysheep_six_static_rooms, layout_basic, dk_noncrumbling_3,
          grunt_ogre_cave, uniq_maggie
D:8:      layout_basic, gammafunk_temple_overflow_forgotten, uniq_maurice,
          uniq_joseph, uniq_erica, uniq_prince_ribbit1
D:9:      layout_loops_cross, fedhas_ov_isle_minmay, david_orc_2, uniq_erolcha
D:10:     layout_big_octagon, grunt_lair_entry_orc_guard_hut,
          chequers_serial_rivers_small_3, solitary_fountain, minmay_liquid_box
D:11:     layout_layer_cave, basic_altar
D:12:     layout_basic, enter_bailey_6
D:13:     layout_irregular_city, david_vaults_2, uniq_kirke, uniq_sonja,
          uniq_frances
D:14:     layout_basic
D:15:     gammafunk_depths_entry_grave, layout_long_grid,
          nicolae_ru_the_path_less_chosen
Lair:1:   gammafunk_cloud_chamber, layout_hall_layers, minmay_lair_oklob_chamber
Lair:2:   layout_cave_pods, minmay_shoals_entry_hut,
          minmay_snake_entry_six_corridors, uniq_gastronok
Lair:3:   layout_big_grid, roderic_batcave, nicolae_lair_grove_arrangements,
          serial_bayou_shore_a, grunt_megastairs_1
Lair:4:   layout_hall_layers, gammafunk_ghost_arena
Lair:5:   layout_regular_city, slime_altar_1
Lair:6:   grunt_lair_end_beastmaster, layout_loops_ring, st_stairs_11
Shoals:1: cheibrodos_shoals_three_sisters, layout_shoals, uniq_donald
Shoals:2: nicolae_shoals_island_circles, layout_shoals, serial_shops, shop,
          nicolae_shoals_circle_sea_wall, uniq_nikola, uniq_ilsuiw
Shoals:3: cheibrodos_shoals_baths, layout_shoals
Shoals:4: shoals_end_simple, layout_shoals, nicolae_shoals_stone_sculpture_thing
Orc:1:    layout_caves
Orc:2:    kennysheep_orc_mage_school, layout_diamond_mine, basic_altar

Skill      XL: |  1  2  3  4  5  6  7  8  9 10 11 12 13 14 15 16 |
---------------+-------------------------------------------------+-----
Axes           | 2 3 4 5 7 8 9 10 12 13 14 15 | 15.5
Fighting       | 4 6 7 8 9 10 12 13 14 | 14.4
Armour         | 2 3 4 5 6 8 9 10 11 12 | 12.6
Dodging        | 1 2 3 4 5 |  5.5
Invocations    | 4 6 7 8 9 10 | 10.5
Stealth        | 1 2 |  2.7
Throwing       | 1 3 4 |  4.5
Shields        | 1 3 5 |  5.4
Evocations     | |  0.3

Action                   |  1- 3 |  4- 6 |  7- 9 | 10-12 | 13-15 | 16-18 || total
-------------------------+-------+-------+-------+-------+-------+-------++-------
Melee: Hand axe          |    70 |   126 |   511 |   757 |  1257 |   515 ||  3236
       Kick              |    12 |    24 |   125 |   198 |   418 |   174 ||   951
Throw: Boomerang         |       |       |     1 |     3 |    12 |       ||    16
       Javelin           |       |       |       |    12 |    19 |     1 ||    32
Invok: Depart the Abyss  |     1 |       |       |       |       |     1 ||     2
       Banish            |       |       |     4 |    13 |    13 |     9 ||    39
       Bend Space        |       |       |       |       |       |     7 ||     7
       Enter the Abyss   |       |       |       |       |       |     1 ||     1
Evoke: Wand              |       |       |       |     4 |       |       ||     4
  Use: Scroll            |     6 |     9 |     6 |    11 |    10 |     6 ||    48
       Potion            |       |     2 |     9 |     5 |     4 |     9 ||    29
 Stab: Distracted        |       |       |       |       |     1 |       ||     1
  Eat: Chunk             |       |     8 |    13 |    27 |    35 |    16 ||    99
       Ration            |       |       |     2 |     6 |     6 |     3 ||    17
Armor: Leather armour    |     3 |       |       |       |       |       ||     3
       Ring mail         |    23 |       |       |       |   165 |       ||   188
       Scale mail        |    18 |    82 |   310 |    38 |       |       ||   448
       Skin              |       |       |    39 |       |     3 |       ||    42
       Chain mail        |       |       |       |   389 |   341 |       ||   730
       Plate armour      |       |       |       |       |   112 |   366 ||   478
Dodge: Dodged            |    24 |    48 |   186 |   235 |   322 |   150 ||   965
Block: Other             |       |     3 |    32 |    50 |    21 |       ||   106
       Reflection        |       |       |       |     2 |    10 |    37 ||    49
       Buckler           |       |       |       |       |   127 |   163 ||   290
       Kite shield       |       |       |       |       |       |    44 ||    44

Table legend:
 A = Non-vault XP
 B = Vault XP
 C = Vault XP percentage of total XP
 D = Non-vault monster count
 E = Vault monster count
 F = Vault count percentage of total count
                 A         B        C        D         E       F
            +---------+---------+-------+---------+---------+-------
      Total |  153177 |   68167 |  30.8 |     671 |     326 |  32.7
            +---------+---------+-------+---------+---------+-------
        D:1 |      41 |       0 |   0.0 |      21 |       0 |   0.0
        D:2 |      96 |      35 |  26.7 |      16 |       1 |   5.9
        D:3 |     267 |       0 |   0.0 |      11 |       0 |   0.0
        D:4 |     264 |       0 |   0.0 |      15 |       0 |   0.0
        D:5 |     650 |      41 |   5.9 |      21 |       6 |  22.2
        D:6 |    1194 |     445 |  27.2 |      22 |      10 |  31.2
        D:7 |     931 |     871 |  48.3 |      26 |       7 |  21.2
        D:8 |    1964 |    1672 |  46.0 |      28 |       3 |   9.7
        D:9 |     812 |    1018 |  55.6 |      15 |       6 |  28.6
       D:10 |     859 |     577 |  40.2 |      20 |       5 |  20.0
       D:11 |    2999 |       0 |   0.0 |      20 |       0 |   0.0
       D:12 |    4100 |    2260 |  35.5 |      28 |       1 |   3.4
       D:13 |    6118 |    6347 |  50.9 |      25 |      12 |  32.4
       D:14 |   14596 |       0 |   0.0 |      44 |       0 |   0.0
       D:15 |   28526 |    3836 |  11.9 |      56 |       8 |  12.5
     Lair:1 |    2957 |    2564 |  46.4 |      14 |      12 |  46.2
     Lair:2 |    4538 |    3606 |  44.3 |      22 |      15 |  40.5
     Lair:3 |    3276 |     432 |  11.7 |      16 |       9 |  36.0
     Lair:4 |    6650 |    1737 |  20.7 |      33 |       4 |  10.8
     Lair:5 |    8344 |       0 |   0.0 |      29 |       0 |   0.0
     Lair:6 |   11036 |   10840 |  49.6 |      35 |      20 |  36.4
   Shoals:1 |    9126 |   10477 |  53.4 |      18 |      12 |  40.0
   Shoals:2 |   14279 |    7392 |  34.1 |      34 |       6 |  15.0
   Shoals:3 |   17849 |    2307 |  11.4 |      34 |       6 |  15.0
   Shoals:4 |    2471 |    2125 |  46.2 |       5 |       3 |  37.5
      Orc:1 |    1637 |       0 |   0.0 |      25 |       0 |   0.0
      Orc:2 |    5632 |    7437 |  56.9 |      33 |      34 |  50.7
    Abyss:1 |    1965 |       0 |   0.0 |       5 |       0 |   0.0
      Sewer |       0 |     361 | 100.0 |       0 |      57 | 100.0
    Ossuary |       0 |     295 | 100.0 |       0 |      35 | 100.0
     Bailey |       0 |    1492 | 100.0 |       0 |      54 | 100.0
            +---------+---------+-------+---------+---------+-------
